 Dungeon Crawl Stone Soup version 0.28-a0-43-g560ac104fe (webtiles) character file.

Game seed: 8077865559646096152

13 Spectrina the Sneak (level 2, -2/18 HPs)
             Began as a Deep Elf Delver on July 28, 2021.
             Slain by Robin (3 damage)
             ... on level 4 of the Dungeon.
             The game lasted 00:02:44 (350 turns).

Spectrina the Sneak (Deep Elf Delver)                Turns: 350, Time: 00:02:44

Health: -2/18      AC:  3    Str:  9    XL:     2   Next: 24%
Magic:  4/4        EV: 12    Int: 14    God:
Gold:   38         SH:  0    Dex: 16    Spells: 1/1 levels left

rFire   . . .      SeeInvis .   a - +0 short sword
rCold   . . .      Faith    .   (no shield)
rNeg    . . .      Spirit   .   b - +0 leather armour
rPois   .          Reflect  .   (no helmet)
rElec   .          Harm     .   (no cloak)
rCorr   .          Rampage  .   (no gloves)
Will    .....                   (no boots)
Stlth   +++.......              (no amulet)
HPRegen 0.06/turn               (no ring)
MPRegen 0.09/turn               (no ring)

@: brilliant
A: no striking features
a: no special abilities


You were on level 4 of the Dungeon.
You visited 1 branch of the dungeon, and saw 3 of its levels.

You collected 38 gold pieces.

Inventory:

Hand Weapons
 a - a +0 short sword (weapon)
Missiles
 h - 36 arrows
 j - 9 stones
 l - 2 boomerangs (quivered)
Armour
 b - a +0 leather armour (worn)
Wands
 g - a wand of digging (3)
Scrolls
 c - a scroll of fog
 d - a scroll of magic mapping
 e - a scroll of fear
 i - 2 scrolls of identify {unknown}
 k - a scroll of brand weapon {unknown}
Potions
 f - a potion of haste


   Skills:
 - Level 2.4 Fighting
 - Level 2.0 Short Blades
 - Level 2.4 Dodging
 + Level 6.7 Stealth


You had one spell level left.
You didn't know any spells.
Your spell library contained the following spells:

 Spells                   Type           Power      Damage    Failure   Level
 Slow                     Hex            0%         N/A       52%         2
 Confusing Touch          Hex            0%         N/A       77%         3
 Vampiric Draining        Necr           0%         2d6       77%         3


Dungeon Overview and Level Annotations

Branches:
Dungeon (6/15)
 Temple: D:4-7

Altars:
Gozag
Uskayaw
Vehumet

Annotations:
D:4 exclusion: statue, Dowan, Duvessa, Robin


Message History

Press: ? - help, Q - select action, (/) - cycle Shift-Dir - straight line, f - Robin
Aim: Robin, wielding a +0 dagger, wearing a +0 animal skin and wearing a +0 helmet (68% to hit)
You throw a boomerang. The boomerang hits Robin.
Robin is lightly wounded.
Unknown command.
Throw: 2 boomerangs
Press: ? - help, Q - select action, (/) - cycle Shift-Dir - straight line, f/p - Robin
Aim: Robin, wielding a +0 dagger, wearing a +0 animal skin and wearing a +0 helmet (lightly wounded, 68% to hit)
You throw a boomerang. The boomerang hits Robin.
Robin is moderately wounded.
Unknown command.
Robin hits you with a +0 dagger.
* * * LOW HITPOINT WARNING * * *
Unknown command.
You hit Robin but do no damage.
Robin is moderately wounded.
You hear the slow hiss of a distant avalanche of sand.
Robin throws the goblin at you!
You hit Robin.
Robin is heavily wounded.
The goblin closely misses you. Robin barely misses you.
You barely miss Robin.
Robin is heavily wounded.
The goblin closely misses you.
Robin roars a battlecry!
The goblin goes into a battle-frenzy!
The hobgoblin shouts!
You hear a shout!
You hit Robin.
Robin is severely wounded.
The goblin misses you. Robin throws the goblin at you! The goblin misses you.
You hit Robin but do no damage.
Robin is severely wounded.
The goblin hits you with a +0 dagger.
* * * LOW HITPOINT WARNING * * *
A goblin comes into view. It is wielding a +0 dagger.
Robin closely misses you. The goblin hits you but does no damage.
You hit Robin.
Robin is almost dead.
The goblin barely misses you. Robin hits you with a +0 dagger.
You die...

#.....##
#..###..##
....#
###.##
...# ##.##
#... #..##
#.. ##..##
#...#
##g..#
####@g###
###ggg###
#...###
#.g## #..#
#..# #..#
#... ###.#


You could see Robin, a hobgoblin (strong) and 4 goblins.

Vanquished Creatures
  An adder (D:5)
  An orc (D:5)
  A goblin (D:4)
3 creatures vanquished.

Vanquished Creatures (others)
  7 plants (D:5)
7 creatures vanquished.

Grand Total: 10 creatures vanquished

Notes
Turn   | Place    | Note
-------+----------+-------------------------------------------
     0 | D:5      | Spectrina the Deep Elf Delver began the quest for the Orb.
     0 | D:5      | Reached XP level 1. HP: 13/13 MP: 3/3
    93 | D:5      | Found an opulent altar of Gozag.
   117 | D:5      | Noticed an ogre
   143 | D:5      | Noticed a hound
   143 | D:5      | Noticed an ogre
   157 | D:5      | Noticed a gnoll sergeant
   187 | D:5      | Reached XP level 2. HP: 15/18 MP: 4/4
   226 | D:4      | Found a radiant altar of Vehumet.
   226 | D:4      | Noticed a charred statue
   254 | D:4      | Noticed Duvessa
   254 | D:4      | Noticed Dowan
   314 | D:4      | Found a hide-covered altar of Uskayaw.
   329 | D:4      | Noticed Robin
   350 | D:4      | Slain by Robin

Illustrated notes

Levels and vault maps discovered:
D:4:      layout_layer_cave, vehumet_statue,
          nicolae_uskayaw_murder_on_the_dancefloor, chequers_ossuary_entry_cave,
          uniq_duvessa, uniq_grinder, uniq_robin, uniq_edmund
D:5:      layout_basic, general_overflow_altar, fedhas_altar_decomposition,
          chequers_serial_rivers_room_a, nicolae_shop_clearance, uniq_eustachio
D:6:      layout_rooms, kennysheep_little_box, kennysheep_windowed_goal,
          uniq_pikel

Action                   || total
-------------------------++-------
Melee: Short sword       ||    13
Throw: Boomerang         ||     5
  Use: Potion            ||     1
 Stab: Sleeping          ||     1
Armor: Leather armour    ||     4
Dodge: Dodged            ||     9

Table legend: (Time is in decaauts)
 A = Elapsed time spent in this place.
 B = Non-inter-level travel time spent in this place.
 C = Inter-level travel time spent in this place.
 D = Time resting spent in this place.
 E = Time spent auto-exploring this place.
 F = Levels seen in this place.
 G = Mean time per level.
                   A        B        C        D        E       F      G
               +--------+--------+--------+--------+--------+-----+--------+
         Total |    351 |    351 |      0 |      0 |      0 |   3 |  117.0 |
       Dungeon |    351 |    351 |      0 |      0 |      0 |   3 |  117.0 |
               +--------+--------+--------+--------+--------+-----+--------+

Top non-repeatable levels by time:
     D:5: 193 daAuts
     D:4: 156 daAuts
     D:6: 1 daAuts
